 Dungeon Crawl Stone Soup version 0.25.1-2-g60ff931df9 (webtiles) character file.

Game seed: 11283294921580013667

41 Borneo the Firebug (level 3, -15/24 HPs)
             Began as a Demonspawn Fire Elementalist on Oct 28, 2020.
             Killed from afar by a gnoll (31 damage)
             ... with an exploding inner flame
             ... hexed by the player character
             ... on level 2 of the Dungeon.
             The game lasted 00:05:22 (1498 turns).

Borneo the Firebug (Demonspawn Fire Elementalist)   Turns: 1498, Time: 00:05:24

Health: -15/24     AC:  2    Str:  8    XL:     3   Next: 32%
Magic:  0/6        EV: 12    Int: 17    God:
Gold:   3          SH:  0    Dex: 17    Spells: 2/6 levels left

rFire    . . .     SeeInvis .   (no weapon)
rCold    . . .     Gourm    .   (no shield)
rNeg     . . .     Faith    .   a - +0 robe
rPois    .         Spirit   .   (no helmet)
rElec    .         Reflect  .   (no cloak)
rCorr    .         Harm     .   (no gloves)
MR       .....                  (no boots)
Stlth    +++.......             (no amulet)
HPRegen  0.08/turn              (no ring)
MPRegen  0.10/turn              (no ring)

@: no status effects
A: thin skeletal structure 2
a: no special abilities


You were on level 2 of the Dungeon.
You were not hungry.

You visited 1 branch of the dungeon, and saw 2 of its levels.

You collected 3 gold pieces.

Inventory:

Armour
 a - a +0 robe (worn)
Scrolls
 f - 2 scrolls of identify {unknown}
Potions
 d - a potion of haste {unknown}
 e - a potion of magic {unknown}
 g - a potion of brilliance {unknown}
Comestibles
 c - a ration
 h - 3 chunks of flesh


   Skills:
 + Level 1.8 Dodging
 + Level 2.1 Stealth
 + Level 2.4 Spellcasting
 + Level 1.1 Conjurations
 + Level 3.5 Fire Magic


You had 2 spell levels left.
You knew the following spells:

 Your Spells              Type           Power        Failure   Level  Hunger
a - Foxfire               Conj/Fire      #...         7%          1    #......
b - Inner Flame           Hex/Fire       #.......     26%         3    ###....

Your spell library contained the following spells:

 Spells                   Type           Power        Failure   Level  Hunger
 Conjure Flame            Conj/Fire      #.......     22%         3    ###....
 Sticky Flame             Conj/Fire      #.......     56%         4    #####..
 Fireball                 Conj/Fire      #.........   89%         5    ######.


Dungeon Overview and Level Annotations

Branches:
Dungeon (2/15)

Altars:


Innate Abilities, Weirdness & Mutations

You have a moderately thin skeletal structure. (Dex +4, Stealth+)


Message History

Okay, then. 2 frilled lizards come into view.
Casting: Inner Flame (extremely dangerous; 26% risk of failure)
Confirm with . or Enter, or press ? or * to list all spells.
You conjure some foxfire!
The gnoll shouts!
The frilled lizard hisses angrily. x2
The foxfire hits the gnoll.
The gnoll is lightly wounded.
The gnoll hits you with a +0 club.
As you read the scroll labeled YSHRONAEDDO, it crumbles to dust.
It is a scroll of amnesia.
Really abort (and waste the scroll)?
Okay, then.
The foxfire hits the gnoll.
Flame seeps out of the gnoll.
The gnoll is moderately wounded.
The gnoll is engulfed in blazing flames.
The gnoll explodes!
The fiery explosion engulfs you!!
Ouch! That really hurt!
You die...

############
#....g.W.÷.#
#W########.# #.# #.#
#.# #.#
#############.# #.#
......§§g§....######
#g#
.l.....@○gW..>.....#
#.#
....##.###########.#
#W# . #. ## #.# #.#
.. .. #.# #.# ##.
#.###.###.# #.
#..<....... ..
#.............. #.
#.###..#...###.
#..#...# #.


You could see a phantom, 2 gnolls and a frilled lizard.

Vanquished Creatures
  A gnoll (D:2)
  An ooze (D:1)
  A leopard gecko (D:1)
  4 bats
  2 goblins (D:1)
  2 hobgoblins (D:1)
  5 jackals (D:1)
  A ball python (D:1)
  4 kobolds (D:1)
  6 rats (D:1)
27 creatures vanquished.

Vanquished Creatures (others)
  90 foxfires
90 creatures vanquished.

Grand Total: 117 creatures vanquished

Notes
Turn   | Place    | Note
-------+----------+-------------------------------------------
     0 | D:1      | Borneo the Demonspawn Fire Elementalist began the quest for
                  | the Orb.
     0 | D:1      | Reached XP level 1. HP: 13/13 MP: 3/3
   136 | D:1      | Reached skill level 3 in Fire Magic
   138 | D:1      | Gained mutation: You have a somewhat thin skeletal
                  | structure. (Dex +2, Stealth) [demonic ancestry]
   138 | D:1      | Reached XP level 2. HP: 19/19 MP: 0/5
   811 | D:1      | Gained mutation: You have a moderately thin skeletal
                  | structure. (Dex +4, Stealth+) [demonic ancestry]
   811 | D:1      | Reached XP level 3. HP: 24/24 MP: 4/6
   816 | D:1      | Learned a level 3 spell: Inner Flame
  1443 | D:2      | Noticed a phantom
  1498 | D:2      | Killed from afar by a gnoll

Illustrated notes

Levels and vault maps discovered:
D:1:      tarquinn_simple_flora_water_f, layout_basic,
          chequers_serial_rivers_micro_b
D:2:      layout_loops_ring, old_standard_altar,
          nemelex_xobeh_ov_fountains_minmay

Skill      XL: |  1  2 |
---------------+-------+-----
Fire Magic     | 3 |  3.5
Stealth        | 2 |  2.1
Dodging        | |  1.8
Spellcasting   | |  2.4
Conjurations   | |  1.1

Action                   || total
-------------------------++-------
Melee: Unarmed           ||     6
 Cast: Foxfire           ||    57
       Inner Flame       ||     1
  Use: Scroll            ||     1
  Eat: Chunk             ||     2
Armor: Robe              ||     2
Dodge: Dodged            ||     9
